 Dungeon Crawl Stone Soup version 0.18-a0-1361-g9293dd1 (webtiles) character file.

261 Duffy the Conjurer (level 5, 0/28 HPs)
             Began as a Deep Elf Conjurer on Feb 20, 2016.
             Slain by Sigmund
             ... wielding a +0 scythe
              (7 damage)
             ... on level 3 of the Dungeon.
             The game lasted 00:04:47 (2947 turns).

Duffy the Conjurer (Deep Elf Conjurer)              Turns: 2947, Time: 00:04:48

Health: 0/28       AC:  4    Str:  5    XL:     5   Next: 96%
Magic:  10/15      EV: 13    Int: 21    God:
Gold:   102        SH:  0    Dex: 15    Spells: 4 memorised, 3 levels left

rFire  . . .     SeeInvis .     (no weapon)
rCold  . . .     Gourm    .     a - +0 robe
rNeg   . . .     Faith    .     (no shield)
rPois  .         Spirit   .     k - +0 helmet
rElec  .         Dismiss  .     o - +0 cloak
rCorr  .         Reflect  .     (no gloves)
SustAt .         Harm     .     (no boots)
MR     .....                    (no amulet)
Stlth  ++........               (no ring)
                                (no ring)

@: not resistant to hostile enchantments, unstealthy
A: no striking features
a: no special abilities


You were on level 3 of the Dungeon.
You were not hungry.

You visited 1 branch of the dungeon, and saw 3 of its levels.

You collected 102 gold pieces.


   Skills:
 - Level 2.4 Dodging
 - Level 2.4 Stealth
 + Level 5.8 Spellcasting
 * Level 6.5 Conjurations
 + Level 1.5 Charms


You had 3 spell levels left.
You knew the following spells:

 Your Spells              Type           Power        Failure   Level  Hunger
a - Magic Dart            Conj           ####         1%          1    None
c - Iskenderun's Mystic   Conj           ####....     8%          4    ####...
i - Iskenderun's Battles  Conj/Chrm      ###.....     54%         5    #####..
s - Searing Ray           Conj           ####..       1%          2    None

Inventory:

Armour
 a - a +0 robe (worn)
 k - a +0 helmet (worn)
 o - a +0 cloak (worn)
Wands
 n - a wand of random effects (27/48)
 p - a wand of digging (17/24)
Scrolls
 f - a scroll of amnesia {unknown}
 g - 5 scrolls of identify {unknown}
 m - a scroll of enchant armour {unknown}
Potions
 e - 2 potions of brilliance {unknown}
 h - a potion of mutation {unknown}
 i - a potion of magic {unknown}
 j - 2 potions of berserk rage {unknown}
 l - a potion of degeneration {unknown}
 q - a potion of curing {unknown}
 r - a potion of haste {unknown}
 t - a potion of cure mutation {unknown}
Books
 b - a book of Conjurations
Comestibles
 c - 4 bread rations
 d - a royal jelly
 s - a meat ration

Dungeon Overview and Level Annotations

Branches:
Dungeon (3/15)

Altars:
Okawaru

Annotations:
D:3 Grinder, Sigmund


Message History

You now have 102 gold pieces (gained 14).
You open the door.
There is an open door here.
All of the chunks of flesh in your inventory have rotted away.
Found 22 stones.
t - an emerald potion Sigmund shouts!
Found a runed moonstone ring.
Cast which spell? (? or * to list)
Aiming: Searing Ray
Press: ? - help, Shift-Dir - straight line, f - Sigmund
Aim: Sigmund, wielding a scythe, wearing a robe and wearing a thick silver amulet The searing ray hits Sigmund.
Sigmund is lightly wounded.
Sigmund says, "Don't worry, I'll kill you fast."
The searing ray hits Sigmund.
Sigmund is moderately wounded.
Sigmund points at you and mumbles some strange words.
You are confused.
Sigmund casts a spell.
Sigmund flickers and vanishes!
Deactivating autopickup; reactivate with Ctrl-A.
Something tries to affect you, but you resist.
A magic dart appears from out of thin air!
The magic dart hits you!
You feel less confused. Something hits you! Something hits you.
Cast which spell? (? or * to list)
You can't see any susceptible monsters within range! (Use Z to cast anyway.) Cast which spell? (? or * to list)
Aiming: Searing Ray
Press: ? - help, Shift-Dir - straight line Something hits you!
You die...

###### #....## #.....# #
#.....# #. ###...#
#####.#### #...#
.........########...######
.........@................
#.###.#..#################
....{... .............
......=..................
#####.#..###########.#####
#.#..# #.# # #.#..# #.# #
# #..# ##'##### #......#


There were no monsters in sight!

Action                   |  1- 3 |  4- 6 || total
-------------------------+-------+-------++-------
 Cast: Magic Dart        |    77 |    47 ||   124
       Searing Ray       |     3 |    11 ||    14
  Use: Scroll            |     1 |       ||     1
  Eat: Chunk             |     2 |     4 ||     6

Notes
Turn   | Place    | Note
--------------------------------------------------------------
     0 | D:1      | Duffy the Deep Elf Conjurer began the quest for the Orb.
     0 | D:1      | Reached XP level 1. HP: 10/10 MP: 6/6
    68 | D:1      | Reached XP level 2. HP: 15/15 MP: 1/8
   357 | D:1      | Learned a level 2 spell: Searing Ray
   533 | D:1      | Reached skill level 5 in Conjurations
   873 | D:1      | Reached XP level 3. HP: 19/19 MP: 6/10
   983 | D:2      | Found a faded altar to an unknown god.
   999 | D:2      | Reached skill level 4 in Spellcasting
  1355 | D:2      | Noticed Robin
  1460 | D:2      | Reached XP level 4. HP: 17/24 MP: 5/12
  1551 | D:2      | Killed Robin
  1748 | D:2      | Reached skill level 5 in Spellcasting
  2083 | D:2      | Noticed Crazy Yiuf
  2089 | D:2      | Killed Crazy Yiuf
  2089 | D:2      | Reached XP level 5. HP: 28/28 MP: 8/14
  2218 | D:3      | Learned a level 4 spell: Iskenderun's Mystic Blast
  2224 | D:3      | Learned a level 5 spell: Iskenderun's Battlesphere
  2267 | D:3      | Noticed Grinder
  2289 | D:3      | Noticed Sigmund
  2499 | D:3      | Reached skill level 6 in Conjurations
  2504 | D:3      | Reached skill level 1 in Charms
  2828 | D:3      | Found an iron altar of Okawaru.
  2947 | D:3      | Slain by Sigmund

Vault maps used:
D:1:      scummos_arrival_simple_crosswalls
D:2:      ecumenical_altar_1, uniq_robin, uniq_crazy_yiuf_cottage
D:3:      kennysheep_okawaru_gauntlet, first_bread, uniq_sigmund, uniq_grinder

Vanquished Creatures
  An orc priest
  2 orc wizards Crazy Yiuf Robin
  5 adders
  An ooze
  A worm
  A giant gecko
  8 orcs
  A ball python
  7 bats
  14 goblins
  8 hobgoblins
  11 jackals
  7 kobolds
  4 giant newts
  8 rats
81 creatures vanquished.
